TOP OF THE 1ST |
---|
Rio Grande Rattlesnake batting - Pitching for Buffalo LightSabres : RHP Stan Payne | Pitching: RHP Stan Payne | | Batting: LHB Alberto Roberts | 0-0: Ball 1-0: Ground out 6-3 (Groundball, 6) | Batting: RHB Gilberto Guzmán | 0-0: Foul Ball, location: 2F 0-1: Ball 1-1: Swinging Strike 1-2: Ball 2-2: Foul Ball, location: 2F 2-2: Strikes out swinging | Batting: LHB Claudio Rodríguez | 0-0: Ball 1-0: Foul Ball, location: 2F 1-1: Ball 2-1: Called Strike 2-2: Ball 3-2: Base on Balls | Batting: SHB William Daly | 0-0: Ball 1-0: Swinging Strike 1-1: Ball 2-1: Ball 3-1: Foul Ball, location: 2F 3-2: Base on Balls Claudio Rodríguez to second | Batting: RHB Gary Thomas | 0-0: Ball 1-0: Foul Ball, location: 2F 1-1: Foul Ball, location: 2F 1-2: Strikes out swinging | Top of the 1st over - 0 runs, 0 hits, 0 errors, 2 left on base; Rio Grande 0 - Buffalo 0 | BOTTOM OF THE 1ST |
---|
Buffalo LightSabres batting - Pitching for Rio Grande Rattlesnake : RHP Alejandro Guzmán | Pitching: RHP Alejandro Guzmán | | Batting: RHB Earl Godwin | 0-0: Ball 1-0: Fly out, F8 (Flyball, 78M) | Batting: RHB Alfredo Villegas | 0-0: Called Strike 0-1: Ball 1-1: Foul Ball, location: 2F 1-2: Strikes out swinging | Batting: LHB Rob Davidson | 0-0: Foul Ball, location: 2F 0-1: Called Strike 0-2: Ball 1-2: Ball 2-2: Foul Ball, location: 2F 2-2: DOUBLE (Line Drive, 9LM) | Batting: RHB Augusto Padilla | 0-0: Ground out 1-3 (Groundball, 15S) | Bottom of the 1st over - 0 runs, 1 hit, 0 errors, 1 left on base; Rio Grande 0 - Buffalo 0 | TOP OF THE 2ND |
---|
Rio Grande Rattlesnake batting - Pitching for Buffalo LightSabres : RHP Stan Payne | Batting: RHB Doug Delaney | 0-0: Ball 1-0: Foul Ball, location: 2F 1-1: Ball 2-1: Swinging Strike 2-2: Strikes out swinging | Batting: RHB Joe Courtier | 0-0: Swinging Strike 0-1: Called Strike 0-2: Ball 1-2: Foul Ball, location: 2F 1-2: Ball 2-2: Ground out U3 (Groundball, 34) | Batting: RHB Cristián Román | 0-0: Ball 1-0: Ball 2-0: Ball 3-0: Base on Balls | Batting: SHB Jeremy Holmes | 0-0: Called Strike 0-1: Ball 1-1: Ball 2-1: Swinging Strike 2-2: Foul Ball, location: 2F 2-2: Foul Ball, location: 2F 2-2: Ball 3-2: Foul Ball, location: 2F 3-2: Base on Balls Cristián Román to second | Batting: LHB Alberto Roberts | 0-0: Ball 1-0: Ball 2-0: Foul Ball, location: 2F 2-1: Called Strike 2-2: Ball 3-2: Strikes out swinging | Top of the 2nd over - 0 runs, 0 hits, 0 errors, 2 left on base; Rio Grande 0 - Buffalo 0 | BOTTOM OF THE 2ND |
---|
Buffalo LightSabres batting - Pitching for Rio Grande Rattlesnake : RHP Alejandro Guzmán | Batting: LHB Tim Griffith | 0-0: Swinging Strike 0-1: SINGLE (Groundball, 34D) | Batting: RHB Mike Wagner | 0-0: Grounds into double play, 5-4-3 (Groundball, 5L) | Batting: RHB Abraham Hardy | 0-0: Ball 1-0: Ball 2-0: Called Strike 2-1: Ball 3-1: Fly out, F9 (Flyball, 9LM) | Bottom of the 2nd over - 0 runs, 1 hit, 0 errors, 0 left on base; Rio Grande 0 - Buffalo 0 | TOP OF THE 3RD |
---|
Rio Grande Rattlesnake batting - Pitching for Buffalo LightSabres : RHP Stan Payne | Batting: RHB Gilberto Guzmán | 0-0: Called Strike 0-1: TRIPLE (Line Drive, 9LD) | Batting: LHB Claudio Rodríguez | 0-0: Foul Ball, location: 2F 0-1: Ground out 6-3 (Groundball, 6M) Gilberto Guzmán scores | Batting: SHB William Daly | 0-0: Called Strike 0-1: Ball 1-1: Ball 2-1: Foul Ball, location: 2F 2-2: Foul Ball, location: 2F 2-2: Foul Ball, location: 2F 2-2: Ball 3-2: Foul Ball, location: 2F 3-2: Base on Balls | Batting: RHB Gary Thomas | 0-0: Ball 1-0: Ball 2-0: Ball 3-0: Called Strike 3-1: 2-RUN HOME RUN (Flyball, 7LD), Distance : 342 ft | Batting: RHB Doug Delaney | 0-0: Called Strike 0-1: Ball 1-1: Ball 2-1: Called Strike 2-2: Ball 3-2: Base on Balls | Batting: RHB Joe Courtier | 0-0: Ground out U3 (Groundball, 34S) Doug Delaney to second | Batting: RHB Cristián Román | 0-0: Ground out U3 (Groundball, 34) | Top of the 3rd over - 3 runs, 2 hits, 0 errors, 1 left on base; Rio Grande 3 - Buffalo 0 | BOTTOM OF THE 3RD |
---|
Buffalo LightSabres batting - Pitching for Rio Grande Rattlesnake : RHP Alejandro Guzmán | Batting: LHB Emílio Montoya | 0-0: Ball 1-0: Called Strike 1-1: Ground out 5-3 (Groundball, 56S) | Batting: RHB Daniel Riddle | 0-0: Fly out, F5 (Line Drive, 56S) | Batting: RHB Earl Godwin | 0-0: Ground out 6-3 (Groundball, 6) | Bottom of the 3rd over - 0 runs, 0 hits, 0 errors, 0 left on base; Rio Grande 3 - Buffalo 0 | TOP OF THE 4TH |
---|
Rio Grande Rattlesnake batting - Pitching for Buffalo LightSabres : RHP Stan Payne | Batting: SHB Jeremy Holmes | 0-0: Ground out 4-3 (Groundball, 4D) | Batting: LHB Alberto Roberts | 0-0: Ground out U3 (Groundball, 34) | Batting: RHB Gilberto Guzmán | 0-0: Ball 1-0: Ball 2-0: Called Strike 2-1: Foul Ball, location: 2F 2-2: Ball 3-2: Strikes out swinging | Top of the 4th over - 0 runs, 0 hits, 0 errors, 0 left on base; Rio Grande 3 - Buffalo 0 | BOTTOM OF THE 4TH |
---|
Buffalo LightSabres batting - Pitching for Rio Grande Rattlesnake : RHP Alejandro Guzmán | Batting: RHB Alfredo Villegas | 0-0: Ball 1-0: Fly out, F9 (Flyball, 89M) | Batting: LHB Rob Davidson | 0-0: Called Strike 0-1: Ball 1-1: Called Strike 1-2: Foul Ball, location: 2F 1-2: Ball 2-2: Strikes out swinging | Batting: RHB Augusto Padilla | 0-0: Swinging Strike 0-1: Ball 1-1: Ball 2-1: Foul Ball, location: 2F 2-2: Ball 3-2: Strikes out looking | Bottom of the 4th over - 0 runs, 0 hits, 0 errors, 0 left on base; Rio Grande 3 - Buffalo 0 | TOP OF THE 5TH |
---|
Rio Grande Rattlesnake batting - Pitching for Buffalo LightSabres : RHP Stan Payne | Pitching: RHP Pat Jackson | | Batting: LHB Claudio Rodríguez | 0-0: Called Strike 0-1: Foul Ball, location: 2F 0-2: Ball 1-2: Fly out, F8 (Line Drive, 8LD) | Batting: SHB William Daly | 0-0: Ball 1-0: Foul Ball, location: 2F 1-1: Ball 2-1: Called Strike 2-2: Strikes out swinging | Batting: RHB Gary Thomas | 0-0: SINGLE (Line Drive, 34D) | Batting: RHB Doug Delaney | 0-0: Ball 1-0: Ball 2-0: Ball 3-0: Base on Balls Gary Thomas to second | Batting: RHB Joe Courtier | 0-0: Called Strike 0-1: Foul Ball, location: 2F 0-2: Ball 1-2: Strikes out looking | Top of the 5th over - 0 runs, 1 hit, 0 errors, 2 left on base; Rio Grande 3 - Buffalo 0 | BOTTOM OF THE 5TH |
---|
Buffalo LightSabres batting - Pitching for Rio Grande Rattlesnake : RHP Alejandro Guzmán | Batting: LHB Tim Griffith | 0-0: Swinging Strike 0-1: Ground out 6-3 (Groundball, 56) | Batting: RHB Mike Wagner | 0-0: Called Strike 0-1: Ball 1-1: Called Strike 1-2: Fly out, F7 (Flyball, 78S) | Batting: RHB Abraham Hardy | 0-0: Called Strike 0-1: Ball 1-1: Ball 2-1: Foul Ball, location: 2F 2-2: Ball 3-2: Foul Ball, location: 2F 3-2: Foul Ball, location: 2F 3-2: SINGLE (Line Drive, 8LS) | Batting: LHB Emílio Montoya | 0-0: Ball 1-0: Called Strike 1-1: Swinging Strike 1-2: Strikes out swinging | Bottom of the 5th over - 0 runs, 1 hit, 0 errors, 1 left on base; Rio Grande 3 - Buffalo 0 | TOP OF THE 6TH |
---|
Rio Grande Rattlesnake batting - Pitching for Buffalo LightSabres : RHP Pat Jackson | Batting: RHB Cristián Román | 0-0: Ball 1-0: Ball 2-0: Foul Ball, location: 2F 2-1: Ball 3-1: Foul Ball, location: 2F 3-2: Strikes out swinging | Batting: SHB Jeremy Holmes | 0-0: Ground out 4-3 (Groundball, 4) | Batting: LHB Alberto Roberts | 0-0: Called Strike 0-1: Fly out, F9 (Flyball, 9LMF) | Top of the 6th over - 0 runs, 0 hits, 0 errors, 0 left on base; Rio Grande 3 - Buffalo 0 | BOTTOM OF THE 6TH |
---|
Buffalo LightSabres batting - Pitching for Rio Grande Rattlesnake : RHP Alejandro Guzmán | Batting: RHB Daniel Riddle | 0-0: Called Strike 0-1: Ground out U3 (Groundball, 34S) | Batting: RHB Earl Godwin | 0-0: Foul Ball, location: 2F 0-1: Ball 1-1: Ball 2-1: Ball 3-1: Swinging Strike 3-2: Base on Balls | Batting: RHB Alfredo Villegas | 0-0: Called Strike Earl Godwin steals 2nd base 0-1: Ground out 5-3 (Groundball, 56S) Earl Godwin to third | Batting: LHB Rob Davidson | 0-0: Ball 1-0: Ground out 1-3 (Groundball, 13) | Bottom of the 6th over - 0 runs, 0 hits, 0 errors, 1 left on base; Rio Grande 3 - Buffalo 0 | TOP OF THE 7TH |
---|
Rio Grande Rattlesnake batting - Pitching for Buffalo LightSabres : RHP Pat Jackson | Batting: RHB Gilberto Guzmán | 0-0: Called Strike 0-1: SINGLE (Groundball, 34D) | Pitching: LHP Tom Workman | | Batting: LHB Claudio Rodríguez | 0-0: Grounds into double play, 4-6-3 (Groundball, 4) | Pitching: RHP Gavin Robbins | | Batting: SHB William Daly | 0-0: Ball 1-0: Ball 2-0: Ball 3-0: Base on Balls | Batting: RHB Gary Thomas | 0-0: Called Strike 0-1: Fly out, F7 (Flyball, 7S) | Top of the 7th over - 0 runs, 1 hit, 0 errors, 1 left on base; Rio Grande 3 - Buffalo 0 | BOTTOM OF THE 7TH |
---|
Buffalo LightSabres batting - Pitching for Rio Grande Rattlesnake : RHP Alejandro Guzmán | Batting: RHB Augusto Padilla | 0-0: Ball 1-0: Called Strike 1-1: Fly out, F4 (Popup, 23) | Batting: LHB Tim Griffith | 0-0: Called Strike 0-1: Ground out 4-3 (Groundball, 4MD) | Batting: RHB Mike Wagner | 0-0: Ball 1-0: Called Strike 1-1: Ball 2-1: Fly out, F8 (Flyball, 8RM) | Bottom of the 7th over - 0 runs, 0 hits, 0 errors, 0 left on base; Rio Grande 3 - Buffalo 0 | TOP OF THE 8TH |
---|
Rio Grande Rattlesnake batting - Pitching for Buffalo LightSabres : RHP Gavin Robbins | Batting: RHB Doug Delaney | 0-0: Ball 1-0: Ball 2-0: Swinging Strike 2-1: Foul Ball, location: 2F 2-2: Foul Ball, location: 2F 2-2: Ball 3-2: Foul Ball, location: 2F 3-2: Fly out, F9 (Line Drive, 9D) | Batting: RHB Joe Courtier | 0-0: Called Strike 0-1: Swinging Strike 0-2: Ball 1-2: Ball 2-2: DOUBLE (Line Drive, 7LM) | Batting: RHB Cristián Román | 0-0: Ball 1-0: Swinging Strike 1-1: Called Strike 1-2: Ball 2-2: Foul Ball, location: 2F 2-2: Reached on error, E4 (Groundball, 4M) Joe Courtier to third | Batting: SHB Jeremy Holmes | 0-0: Called Strike 0-1: Called Strike 0-2: Strikes out swinging | Batting: LHB Alberto Roberts | 0-0: Called Strike 0-1: Foul Ball, location: 2F 0-2: Ball 1-2: Ground out 4-3 (Groundball, 34D) | Top of the 8th over - 0 runs, 1 hit, 1 error, 2 left on base; Rio Grande 3 - Buffalo 0 | BOTTOM OF THE 8TH |
---|
Buffalo LightSabres batting - Pitching for Rio Grande Rattlesnake : RHP Alejandro Guzmán | Batting: RHB Abraham Hardy | 0-0: Called Strike 0-1: Ball 1-1: Ball 2-1: Swinging Strike 2-2: Ball 3-2: Foul Ball, location: 2F 3-2: Strikes out swinging | Pitching: RHP Billy O'Neal | | Batting: LHB Emílio Montoya | 0-0: Ball 1-0: Swinging Strike 1-1: Called Strike 1-2: Foul Ball, location: 2F 1-2: Foul Ball, location: 2F 1-2: Fly out, F7 (Flyball, 7S) | Batting: RHB Daniel Riddle | 0-0: Ground out 6-3 (Groundball, 6) | Bottom of the 8th over - 0 runs, 0 hits, 0 errors, 0 left on base; Rio Grande 3 - Buffalo 0 | TOP OF THE 9TH |
---|
Rio Grande Rattlesnake batting - Pitching for Buffalo LightSabres : RHP Gavin Robbins | Batting: RHB Gilberto Guzmán | 0-0: Ball 1-0: Ball 2-0: Foul Ball, location: 2F 2-1: Swinging Strike 2-2: Strikes out swinging | Batting: LHB Claudio Rodríguez | 0-0: Ball 1-0: Called Strike 1-1: Ball 2-1: Called Strike 2-2: Ground out 1-3 (Groundball, 13S) | Batting: SHB William Daly | 0-0: Ball 1-0: Ball 2-0: Ball 3-0: Called Strike 3-1: Called Strike 3-2: Base on Balls | Batting: RHB Gary Thomas | 0-0: Ball 1-0: Fly out, F9 (Flyball, 89M) | Top of the 9th over - 0 runs, 0 hits, 0 errors, 1 left on base; Rio Grande 3 - Buffalo 0 | BOTTOM OF THE 9TH |
---|
Buffalo LightSabres batting - Pitching for Rio Grande Rattlesnake : RHP Billy O'Neal | Pitching: RHP Frank Martin | | Batting: RHB Earl Godwin | 0-0: SOLO HOME RUN (Line Drive, 78XD), Distance : 408 ft | Batting: RHB Alfredo Villegas | 0-0: Ball 1-0: Ball 2-0: Ball 3-0: Called Strike 3-1: Ground out 6-3 (Groundball, 6MS) | Batting: LHB Rob Davidson | 0-0: Ball 1-0: Called Strike 1-1: Swinging Strike 1-2: Ball 2-2: Strikes out swinging | Batting: RHB Augusto Padilla | 0-0: Called Strike 0-1: Ground out 6-3 (Groundball, 6) | Bottom of the 9th over - 1 run, 1 hit, 0 errors, 0 left on base; Rio Grande 3 - Buffalo 1 | |